General information
- name: BNet
- type: Ladder team game (AT/RT)
- host: Battle.net
- saver: nutsurlechin.fr
map: FullScaleAssault
- players: 8
- length: 58:56
- speed: Fast
- version: 1.21 W3XP
- replay type:

» download(540 KB)
Players
team 1 (loser)
BrOZeN (
red | 39 APM | 2272 actions | 58:41)
5 Blademaster
3 Wind Walk
1 Critical Strike
1 Bladestorm
» actions
| Basic commands | 2 | |
| Build / train | 65 | |
| Enter build submenu | 14 | |
| Enter hero's abilities submenu | 5 | |
| Give item / drop item | 5 | |
| Right click | 1508 | |
| Select / deselect | 553 | |
| Use ability | 120 | |
2272 total
» units
| Peon | 19 | |
| Blue Dragon Whelp | 1 | |
| Troll Batrider | 20 | |
| Goblin Zeppelin | 2 | |
42 total
» upgrades
» buildings
| Orc Burrow | 4 | |
| Altar of Storms | 1 | |
| Voodoo Lounge | 1 | |
| Great Hall | 6 | |
| War Mill | 1 | |
| Stronghold | 1 | |
| Beastiary | 4 | |
| Fortress | 1 | |
19 total
» build order
00:22 Orc Burrow
01:18 Altar of Storms
03:24 Voodoo Lounge
07:46 Great Hall
10:37 War Mill
15:52 Stronghold
17:53 Great Hall
18:30 Beastiary
18:31 Beastiary
18:32 Beastiary
18:33 Beastiary
19:16 Orc Burrow
19:17 Orc Burrow
19:17 Orc Burrow
23:54 Great Hall
25:11 Fortress
29:11 Great Hall
40:41 Great Hall
45:45 Great Hall
» items
| Healing Salve | 1 | |
| Lesser Clarity Potion | 3 | |
| Orb of Venom | 2 | |
| Scroll of Town Portal | 1 | |
| Tiny Great Hall | 1 | |
| Orb of Lightning | 1 | |
| Orb of Corruption | 1 | |
| Dust of Appearance | 1 | |
| Potion of Healing | 1 | |
12 total
DOYOULIKEMYSTIL (
orange | 106 APM | 6229 actions | 58:39)
8 Death Knight
3 Death Coil
3 Unholy Aura
1 Animate Dead
1 Death Pact
7 Lich
3 Frost Nova
2 Frost Armor
1 Death and Decay
1 Dark Ritual
4 Dreadlord
2 Sleep
2 Vampiric Aura
» actions
| Assign group hotkey | 46 | |
| Basic commands | 103 | |
| Build / train | 113 | |
| Enter build submenu | 28 | |
| Enter hero's abilities submenu | 19 | |
| Give item / drop item | 13 | |
| Remove unit from queue | 3 | |
| Right click | 3601 | |
| Select / deselect | 793 | |
| Select group hotkey | 1229 | |
| Use ability | 280 | |
6229 total
» units
| Acolyte | 10 | |
| Ghoul | 2 | |
| Crypt Fiend | 10 | |
| Frost Wyrm | 33 | |
| Goblin Zeppelin | 6 | |
61 total
» upgrades
| Creature Attack | 3 | |
| Creature Carapace | 3 | |
| Web | 1 | |
| Burrow | 1 | |
| Freezing Breath | 1 | |
9 total
» buildings
| Crypt | 2 | |
| Graveyard | 1 | |
| Altar of Darkness | 1 | |
| Ziggurat | 12 | |
| Tomb of Relics | 1 | |
| Nerubian Tower | 1 | |
| Halls of the Dead | 1 | |
| Sacrificial Pit | 1 | |
| Black Citadel | 1 | |
| Boneyard | 3 | |
| Necropolis | 1 | |
25 total
» build order
00:06 Crypt
00:19 Graveyard
00:58 Altar of Darkness
01:00 Ziggurat
01:04 Crypt
01:21 Ziggurat
01:23 Ziggurat
01:41 Tomb of Relics
02:07 Ziggurat
02:56 Nerubian Tower
03:56 Halls of the Dead
04:18 Ziggurat
06:00 Ziggurat
06:21 Sacrificial Pit
06:37 Black Citadel
08:28 Ziggurat
09:03 Boneyard
09:06 Boneyard
09:08 Boneyard
09:12 Ziggurat
11:11 Ziggurat
13:30 Ziggurat
35:43 Necropolis
45:10 Ziggurat
45:11 Ziggurat
» items
| Dust of Appearance | 2 | |
| Rod of Necromancy | 1 | |
| Scroll of Healing | 4 | |
| Scroll of Town Portal | 4 | |
| Potion of Mana | 2 | |
| Orb of Corruption | 1 | |
| Scroll of Speed | 1 | |
15 total
MeuhhhLaVache (
green | 45 APM | 2670 actions | 58:54)
5 Blademaster
2 Wind Walk
3 Critical Strike
» actions
| Assign group hotkey | 14 | |
| Basic commands | 101 | |
| Build / train | 76 | |
| Enter build submenu | 39 | |
| Enter hero's abilities submenu | 5 | |
| Give item / drop item | 3 | |
| Remove unit from queue | 2 | |
| Right click | 1267 | |
| Select / deselect | 308 | |
| Select group hotkey | 738 | |
| Use ability | 117 | |
2670 total
» units
| Peon | 24 | |
| Troll Batrider | 11 | |
| Kodo Beast | -1 | |
| Demolisher | 8 | |
42 total
» upgrades
| Spiked Barricades | 1 | |
| Ranged Weapons | 1 | |
| Liquid Fire | 1 | |
| Burning Oil | 1 | |
4 total
» buildings
| Altar of Storms | 2 | |
| Orc Burrow | 5 | |
| Voodoo Lounge | 1 | |
| War Mill | 1 | |
| Watch Tower | 15 | |
| Great Hall | 1 | |
| Stronghold | 1 | |
| Beastiary | 3 | |
| Fortress | 1 | |
| Barracks | 2 | |
32 total
» build order
00:12 Altar of Storms
00:20 Altar of Storms
00:24 Orc Burrow
03:45 Voodoo Lounge
04:27 War Mill
06:05 Orc Burrow
06:45 Watch Tower
08:21 Watch Tower
08:57 Watch Tower
11:39 Watch Tower
13:09 Watch Tower
14:29 Great Hall
16:41 Watch Tower
16:47 Watch Tower
17:49 Watch Tower
18:01 Watch Tower
18:29 Watch Tower
18:52 Watch Tower
18:57 Watch Tower
19:10 Watch Tower
20:05 Watch Tower
21:51 Watch Tower
22:28 Stronghold
24:19 Orc Burrow
24:23 Orc Burrow
24:34 Orc Burrow
24:57 Beastiary
25:01 Beastiary
25:10 Beastiary
25:40 Fortress
32:22 Barracks
32:28 Barracks
» items
| Scroll of Speed | 1 | |
| Healing Salve | 3 | |
| Boots of Speed | 1 | |
| Potion of Lesser Invulnerability | 2 | |
| Potion of Healing | 2 | |
| Orb of Corruption | 1 | |
| Orb of Venom | 1 | |
| Scroll of Town Portal | 3 | |
| Orb of Lightning | 1 | |
15 total
n7_Diablo19 (
teal | 64 APM | 3768 actions | 58:42)
9 Priestess of the Moon
3 Trueshot Aura
3 Scout
1 Starfall
2 Searing Arrows
» actions
| Assign group hotkey | 42 | |
| Basic commands | 8 | |
| Build / train | 106 | |
| Enter build submenu | 21 | |
| Enter hero's abilities submenu | 9 | |
| Give item / drop item | 4 | |
| Remove unit from queue | 7 | |
| Right click | 2318 | |
| Select / deselect | 766 | |
| Select group hotkey | 368 | |
| Use ability | 118 | |
3768 total
» units
| Wisp | 15 | |
| Huntress | 6 | |
| Goblin Zeppelin | 4 | |
| Hippogryph | 23 | |
| Chimaera | 20 | |
68 total
» upgrades
| Ultravision | 1 | |
| Strength of the Wild | 3 | |
| Reinforced Hides | 3 | |
| Well Spring | 1 | |
| Corrosive Breath | 1 | |
9 total
» buildings
| Altar of Elders | 1 | |
| Moon Well | 10 | |
| Hunter's Hall | 1 | |
| Ancient of War | 3 | |
| Tree of Ages | 1 | |
| Ancient of Wind | 2 | |
| Tree of Eternity | 1 | |
| Ancient of Wonders | 1 | |
| Chimaera Roost | 4 | |
| Tree of Life | 2 | |
26 total
» build order
00:10 Altar of Elders
00:13 Moon Well
00:20 Moon Well
00:32 Hunter's Hall
01:24 Ancient of War
01:31 Ancient of War
01:37 Ancient of War
01:55 Moon Well
02:01 Moon Well
04:19 Tree of Ages
04:47 Moon Well
06:02 Moon Well
06:02 Moon Well
07:00 Ancient of Wind
07:13 Ancient of Wind
08:48 Moon Well
08:48 Moon Well
08:49 Moon Well
08:52 Tree of Eternity
10:27 Ancient of Wonders
11:20 Chimaera Roost
11:23 Chimaera Roost
11:24 Chimaera Roost
11:30 Chimaera Roost
27:30 Tree of Life
31:46 Tree of Life
» items
| Scroll of Town Portal | 7 | |
| Potion of Lesser Invulnerability | 1 | |
| Scroll of Protection | 1 | |
| Periapt of Vitality | 1 | |
10 total
team 2 (winner)
iggy_the_fisk (
yellow | 90 APM | 5307 actions | 58:55)
4 Archmage
2 Blizzard
2 Brilliance Aura
6 Mountain King
3 Storm Bolt
2 Bash
1 Avatar
» actions
| Assign group hotkey | 243 | |
| Basic commands | 19 | |
| Build / train | 177 | |
| Enter build submenu | 141 | |
| Enter hero's abilities submenu | 10 | |
| Give item / drop item | 4 | |
| Remove unit from queue | 8 | |
| Right click | 2905 | |
| Select / deselect | 638 | |
| Select group hotkey | 784 | |
| Use ability | 378 | |
5307 total
» units
| Peasant | 26 | |
| Sorceress | 2 | |
| Goblin Shredder | 1 | |
| Dragonhawk Rider | 17 | |
| Mortar Team | 2 | |
| Goblin Zeppelin | 1 | |
49 total
» upgrades
| Masonry | 3 | |
| Lumber Harvesting | 2 | |
| Magic Sentry | 1 | |
| Sorceress Training | 2 | |
| Swords | 3 | |
| Armor | 3 | |
| Animal War Training | 1 | |
15 total
» buildings
| Altar of Kings | 1 | |
| Farm | 7 | |
| Lumber Mill | 1 | |
| Scout Tower | 169 | |
| Arcane Tower | 2 | |
| Guard Tower | 73 | |
| Arcane Vault | 4 | |
| Keep | 2 | |
| Town Hall | 6 | |
| Castle | 2 | |
| Arcane Sanctum | 1 | |
| Gryphon Aviary | 1 | |
| Barracks | 1 | |
| Blacksmith | 1 | |
| Workshop | 1 | |
272 total
» build order
00:06 Altar of Kings
00:18 Farm
00:38 Lumber Mill
00:45 Farm
01:53 Scout Tower
02:00 Scout Tower
02:20 Scout Tower
02:32 Arcane Tower
02:34 Scout Tower
02:49 Guard Tower
02:50 Scout Tower
03:14 Guard Tower
03:15 Scout Tower
03:37 Guard Tower
03:39 Scout Tower
03:54 Guard Tower
03:55 Arcane Vault
03:57 Keep
04:09 Guard Tower
04:14 Scout Tower
04:15 Scout Tower
04:48 Scout Tower
04:49 Scout Tower
05:37 Guard Tower
05:39 Scout Tower
05:40 Scout Tower
05:49 Arcane Tower
06:02 Guard Tower
06:05 Town Hall
06:43 Castle
06:44 Guard Tower
06:45 Scout Tower
06:46 Scout Tower
06:52 Arcane Sanctum
08:07 Guard Tower
08:08 Scout Tower
08:10 Scout Tower
08:10 Scout Tower
08:11 Scout Tower
08:12 Scout Tower
08:13 Scout Tower
08:56 Guard Tower
09:44 Scout Tower
09:44 Scout Tower
09:47 Scout Tower
09:48 Scout Tower
10:32 Guard Tower
10:35 Gryphon Aviary
10:38 Barracks
10:39 Blacksmith
11:15 Guard Tower
11:24 Scout Tower
11:25 Scout Tower
11:26 Scout Tower
11:26 Scout Tower
11:27 Scout Tower
11:28 Scout Tower
11:31 Guard Tower
11:42 Scout Tower
11:44 Scout Tower
11:44 Scout Tower
11:46 Scout Tower
11:46 Scout Tower
12:25 Farm
12:26 Farm
13:28 Guard Tower
13:38 Farm
14:09 Guard Tower
14:13 Scout Tower
14:19 Scout Tower
14:19 Scout Tower
14:24 Scout Tower
14:26 Scout Tower
14:28 Guard Tower
14:29 Guard Tower
15:06 Guard Tower
15:08 Scout Tower
15:09 Scout Tower
15:12 Scout Tower
15:14 Scout Tower
15:20 Workshop
15:32 Guard Tower
15:36 Guard Tower
15:38 Arcane Vault
15:42 Scout Tower
15:43 Guard Tower
15:46 Scout Tower
15:57 Scout Tower
16:00 Scout Tower
16:00 Guard Tower
16:03 Scout Tower
16:57 Guard Tower
16:58 Scout Tower
16:59 Scout Tower
17:13 Guard Tower
18:03 Scout Tower
18:15 Scout Tower
18:17 Scout Tower
18:29 Scout Tower
18:31 Scout Tower
18:34 Guard Tower
18:36 Scout Tower
18:37 Scout Tower
18:38 Scout Tower
18:38 Scout Tower
18:39 Scout Tower
18:40 Scout Tower
18:41 Scout Tower
18:42 Scout Tower
19:08 Guard Tower
20:12 Guard Tower
20:17 Scout Tower
21:18 Scout Tower
21:21 Guard Tower
21:23 Scout Tower
21:24 Scout Tower
21:25 Scout Tower
21:25 Scout Tower
21:26 Scout Tower
21:27 Scout Tower
21:48 Guard Tower
21:49 Scout Tower
21:51 Scout Tower
21:52 Scout Tower
22:10 Guard Tower
22:14 Town Hall
22:15 Guard Tower
22:17 Scout Tower
22:18 Scout Tower
22:22 Guard Tower
22:25 Arcane Vault
22:32 Guard Tower
22:45 Farm
22:45 Farm
22:54 Scout Tower
22:55 Scout Tower
23:02 Guard Tower
23:09 Scout Tower
23:10 Scout Tower
23:11 Scout Tower
23:13 Scout Tower
23:13 Scout Tower
23:34 Guard Tower
23:43 Scout Tower
24:15 Guard Tower
24:19 Scout Tower
24:52 Guard Tower
24:53 Scout Tower
24:55 Scout Tower
24:56 Scout Tower
24:57 Scout Tower
24:57 Scout Tower
25:02 Scout Tower
25:03 Scout Tower
25:15 Scout Tower
25:16 Scout Tower
25:16 Scout Tower
25:17 Scout Tower
25:21 Scout Tower
25:22 Scout Tower
25:31 Town Hall
25:35 Scout Tower
25:36 Scout Tower
25:38 Scout Tower
25:40 Scout Tower
25:44 Guard Tower
25:49 Town Hall
25:53 Scout Tower
25:55 Scout Tower
25:56 Scout Tower
25:58 Guard Tower
26:01 Arcane Vault
26:04 Guard Tower
26:06 Scout Tower
26:07 Scout Tower
26:51 Guard Tower
26:58 Guard Tower
26:58 Guard Tower
26:59 Guard Tower
27:05 Guard Tower
27:05 Guard Tower
27:23 Guard Tower
27:30 Scout Tower
28:01 Guard Tower
28:06 Scout Tower
28:08 Scout Tower
28:09 Scout Tower
28:43 Guard Tower
28:51 Scout Tower
28:52 Guard Tower
29:06 Keep
29:08 Guard Tower
30:03 Guard Tower
30:06 Scout Tower
30:07 Guard Tower
30:09 Scout Tower
30:40 Guard Tower
30:53 Scout Tower
30:54 Scout Tower
32:14 Guard Tower
32:16 Scout Tower
32:17 Scout Tower
32:19 Scout Tower
32:20 Scout Tower
32:49 Castle
32:58 Guard Tower
33:00 Scout Tower
33:01 Scout Tower
33:03 Scout Tower
33:04 Scout Tower
33:05 Scout Tower
33:05 Scout Tower
33:49 Guard Tower
34:40 Guard Tower
35:02 Guard Tower
35:03 Scout Tower
35:03 Scout Tower
37:52 Guard Tower
38:05 Scout Tower
38:06 Scout Tower
38:07 Scout Tower
38:08 Scout Tower
38:27 Scout Tower
38:28 Scout Tower
38:28 Scout Tower
38:29 Scout Tower
38:30 Scout Tower
38:31 Scout Tower
38:33 Guard Tower
38:35 Scout Tower
38:36 Scout Tower
38:37 Scout Tower
38:38 Scout Tower
38:38 Scout Tower
38:39 Scout Tower
40:04 Guard Tower
40:47 Town Hall
40:50 Guard Tower
40:53 Scout Tower
40:53 Scout Tower
40:55 Scout Tower
41:47 Guard Tower
41:50 Town Hall
42:44 Guard Tower
42:46 Scout Tower
42:47 Scout Tower
42:48 Scout Tower
42:48 Scout Tower
42:49 Scout Tower
42:49 Scout Tower
42:50 Scout Tower
42:51 Scout Tower
42:56 Scout Tower
43:28 Guard Tower
43:33 Scout Tower
43:34 Scout Tower
44:01 Scout Tower
44:02 Scout Tower
44:03 Scout Tower
44:04 Scout Tower
44:16 Guard Tower
44:26 Guard Tower
44:28 Scout Tower
44:29 Scout Tower
46:09 Guard Tower
46:12 Scout Tower
47:49 Guard Tower
48:29 Scout Tower
48:31 Guard Tower
51:40 Guard Tower
51:41 Scout Tower
52:10 Guard Tower
» items
| Scroll of Regeneration | 2 | |
| Lesser Clarity Potion | 1 | |
| Healing Salve | 2 | |
| Boots of Speed | 2 | |
| Staff of Teleportation | 2 | |
| Orb of Lightning | 1 | |
| Scroll of Town Portal | 3 | |
| Staff of Sanctuary | 1 | |
14 total
nutsonyochin.de (
pink | 83 APM | 4909 actions | 58:55)
6 Warden
3 Shadow Strike
3 Blink
5 Priestess of the Moon
3 Trueshot Aura
1 Searing Arrows
1 Scout
» actions
| Assign group hotkey | 28 | |
| Basic commands | 131 | |
| Build / train | 117 | |
| ESC pressed | 6 | |
| Enter build submenu | 16 | |
| Enter hero's abilities submenu | 12 | |
| Give item / drop item | 10 | |
| Right click | 2512 | |
| Select / deselect | 358 | |
| Select group hotkey | 1527 | |
| Use ability | 190 | |
4909 total
» units
| Wisp | 28 | |
| Chimaera | 2 | |
| Hippogryph | 29 | |
| Druid of the Talon | 1 | |
60 total
» upgrades
| Ultravision | 1 | |
| Nature's Blessing | 1 | |
| Corrosive Breath | 1 | |
| Well Spring | 1 | |
| Strength of the Wild | 4 | |
| Reinforced Hides | 4 | |
12 total
» buildings
| Altar of Elders | 1 | |
| Moon Well | 9 | |
| Hunter's Hall | 1 | |
| Tree of Ages | 1 | |
| Tree of Eternity | 1 | |
| Ancient of Wind | 2 | |
| Chimaera Roost | 2 | |
| Tree of Life | 1 | |
| Ancient of Wonders | 1 | |
19 total
» build order
00:04 Altar of Elders
00:21 Moon Well
02:12 Moon Well
04:09 Moon Well
04:23 Hunter's Hall
04:57 Tree of Ages
07:22 Tree of Eternity
07:25 Ancient of Wind
10:05 Chimaera Roost
10:05 Chimaera Roost
11:25 Moon Well
11:59 Tree of Life
13:18 Moon Well
15:39 Ancient of Wonders
20:23 Moon Well
20:24 Moon Well
20:25 Moon Well
20:26 Moon Well
21:26 Ancient of Wind
» items
| Staff of Teleportation | 2 | |
| Dust of Appearance | 6 | |
| Boots of Speed | 2 | |
| Healing Salve | 1 | |
| Scroll of Town Portal | 4 | |
| Orb of Venom | 2 | |
| Staff of Preservation | 2 | |
| Tome of Retraining | 1 | |
20 total
nutsurlechin.fr (
blue | 98 APM | 5772 actions | 58:56)
7 Blademaster
3 Wind Walk
3 Critical Strike
1 Bladestorm
5 Shadow Hunter
2 Hex
3 Healing Wave
» actions
| Assign group hotkey | 267 | |
| Basic commands | 9 | |
| Build / train | 116 | |
| ESC pressed | 5 | |
| Enter build submenu | 57 | |
| Enter hero's abilities submenu | 15 | |
| Give item / drop item | 6 | |
| Remove unit from queue | 10 | |
| Right click | 3419 | |
| Select / deselect | 778 | |
| Select group hotkey | 674 | |
| Use ability | 416 | |
5772 total
» units
| Peon | 26 | |
| Troll Batrider | 33 | |
| Goblin Zeppelin | 2 | |
| Kodo Beast | 1 | |
62 total
» upgrades
| Spiked Barricades | 3 | |
| Liquid Fire | 1 | |
| Reinforced Defenses | 1 | |
| Armor | 1 | |
6 total
» buildings
| Altar of Storms | 1 | |
| Orc Burrow | 7 | |
| War Mill | 1 | |
| Watch Tower | 44 | |
| Voodoo Lounge | 2 | |
| Stronghold | 2 | |
| Fortress | 2 | |
| Beastiary | 2 | |
| Great Hall | 3 | |
64 total
» build order
00:02 Altar of Storms
00:10 Orc Burrow
00:29 War Mill
01:46 Watch Tower
02:10 Watch Tower
02:24 Orc Burrow
02:53 Watch Tower
03:53 Voodoo Lounge
04:00 Watch Tower
04:01 Watch Tower
04:17 Stronghold
04:18 Stronghold
04:26 Voodoo Lounge
05:07 Watch Tower
05:08 Watch Tower
05:50 Orc Burrow
06:28 Watch Tower
06:29 Watch Tower
08:08 Watch Tower
08:10 Watch Tower
08:14 Watch Tower
08:16 Watch Tower
08:17 Fortress
08:17 Fortress
08:28 Beastiary
08:29 Beastiary
10:34 Watch Tower
10:35 Watch Tower
11:02 Great Hall
11:03 Watch Tower
11:18 Orc Burrow
17:13 Watch Tower
17:13 Watch Tower
17:14 Watch Tower
17:15 Watch Tower
17:17 Watch Tower
17:17 Watch Tower
17:18 Watch Tower
17:19 Watch Tower
18:25 Orc Burrow
18:26 Orc Burrow
18:26 Orc Burrow
19:34 Watch Tower
19:34 Watch Tower
19:35 Watch Tower
21:30 Watch Tower
21:32 Watch Tower
21:33 Watch Tower
24:00 Great Hall
24:01 Watch Tower
25:30 Watch Tower
25:31 Watch Tower
25:31 Watch Tower
25:32 Watch Tower
31:29 Watch Tower
31:31 Watch Tower
31:33 Watch Tower
31:35 Watch Tower
31:39 Great Hall
38:21 Watch Tower
41:54 Watch Tower
41:55 Watch Tower
41:56 Watch Tower
41:57 Watch Tower
» items
| Boots of Speed | 1 | |
| Staff of Teleportation | 1 | |
| Healing Salve | 4 | |
| Lesser Clarity Potion | 1 | |
| Staff of Sanctuary | 1 | |
| Orb of Lightning | 1 | |
| Scroll of Town Portal | 3 | |
| Potion of Healing | 1 | |
13 total
ShaneRutherford (
purple | 93 APM | 5487 actions | 58:55)
6 Archmage
3 Blizzard
2 Brilliance Aura
1 Mass Teleport
» actions
| Assign group hotkey | 26 | |
| Basic commands | 7 | |
| Build / train | 175 | |
| Enter build submenu | 86 | |
| Enter hero's abilities submenu | 6 | |
| Give item / drop item | 2 | |
| Right click | 2981 | |
| Select / deselect | 620 | |
| Select group hotkey | 1122 | |
| Use ability | 461 | |
5487 total
» units
| Peasant | 18 | |
| Dragonhawk Rider | 26 | |
| Goblin Zeppelin | 2 | |
46 total
» upgrades
| Masonry | 3 | |
| Lumber Harvesting | 2 | |
| Magic Sentry | 1 | |
| Cloud | 1 | |
| Armor | 3 | |
| Swords | 3 | |
| Animal War Training | 1 | |
| Priest Training | 1 | |
15 total
» buildings
| Altar of Kings | 1 | |
| Farm | 5 | |
| Lumber Mill | 1 | |
| Scout Tower | 251 | |
| Arcane Tower | 5 | |
| Guard Tower | 89 | |
| Keep | 1 | |
| Town Hall | 2 | |
| Castle | 1 | |
| Arcane Sanctum | 1 | |
| Gryphon Aviary | 3 | |
| Arcane Vault | 1 | |
| Blacksmith | 1 | |
| Barracks | 1 | |
363 total
» build order
00:07 Altar of Kings
00:10 Farm
00:15 Lumber Mill
00:45 Farm
01:49 Scout Tower
01:50 Scout Tower
02:09 Scout Tower
02:18 Arcane Tower
02:35 Scout Tower
02:37 Scout Tower
02:37 Guard Tower
02:44 Guard Tower
02:52 Scout Tower
03:40 Guard Tower
03:41 Scout Tower
03:43 Scout Tower
03:46 Scout Tower
03:57 Scout Tower
03:58 Scout Tower
04:05 Keep
04:14 Guard Tower
04:15 Guard Tower
04:18 Scout Tower
04:19 Scout Tower
04:33 Guard Tower
04:41 Guard Tower
04:42 Scout Tower
04:48 Guard Tower
04:56 Guard Tower
04:56 Guard Tower
04:56 Guard Tower
04:59 Scout Tower
05:00 Scout Tower
05:13 Guard Tower
05:15 Scout Tower
05:18 Scout Tower
05:19 Scout Tower
05:24 Scout Tower
05:25 Scout Tower
05:30 Guard Tower
05:56 Arcane Tower
07:04 Guard Tower
07:27 Town Hall
07:51 Scout Tower
07:52 Scout Tower
07:53 Scout Tower
07:55 Scout Tower
07:56 Scout Tower
07:57 Scout Tower
07:58 Scout Tower
07:59 Scout Tower
08:29 Scout Tower
08:32 Scout Tower
08:35 Scout Tower
08:36 Scout Tower
08:39 Arcane Tower
08:39 Guard Tower
08:51 Castle
08:55 Farm
08:56 Farm
09:24 Guard Tower
09:24 Guard Tower
09:24 Guard Tower
09:26 Guard Tower
10:20 Guard Tower
10:32 Guard Tower
10:45 Arcane Sanctum
11:22 Gryphon Aviary
11:23 Gryphon Aviary
11:27 Gryphon Aviary
11:33 Farm
11:49 Arcane Tower
11:50 Guard Tower
12:04 Scout Tower
12:05 Scout Tower
12:06 Scout Tower
12:06 Scout Tower
12:08 Scout Tower
12:25 Scout Tower
12:26 Scout Tower
12:27 Scout Tower
12:27 Scout Tower
12:28 Scout Tower
12:39 Arcane Vault
13:01 Guard Tower
13:30 Guard Tower
13:32 Scout Tower
13:33 Scout Tower
13:34 Scout Tower
13:34 Scout Tower
13:36 Scout Tower
13:37 Scout Tower
13:38 Scout Tower
13:38 Scout Tower
13:41 Scout Tower
13:43 Scout Tower
13:44 Scout Tower
13:51 Scout Tower
13:51 Scout Tower
13:53 Scout Tower
13:53 Scout Tower
13:54 Scout Tower
13:55 Scout Tower
13:56 Scout Tower
13:56 Scout Tower
14:34 Scout Tower
14:36 Scout Tower
14:37 Scout Tower
14:38 Scout Tower
14:41 Scout Tower
14:42 Scout Tower
14:42 Scout Tower
14:43 Scout Tower
14:45 Guard Tower
15:18 Guard Tower
15:20 Guard Tower
15:38 Guard Tower
15:51 Guard Tower
15:57 Guard Tower
16:39 Guard Tower
16:50 Scout Tower
16:50 Scout Tower
16:51 Scout Tower
16:51 Scout Tower
16:52 Scout Tower
16:53 Scout Tower
16:54 Scout Tower
16:58 Blacksmith
16:59 Barracks
17:13 Scout Tower
17:14 Scout Tower
17:15 Scout Tower
17:15 Scout Tower
17:16 Scout Tower
17:17 Scout Tower
17:18 Scout Tower
17:19 Scout Tower
17:21 Scout Tower
17:23 Scout Tower
17:24 Scout Tower
17:25 Scout Tower
17:26 Scout Tower
17:29 Scout Tower
17:30 Scout Tower
17:31 Scout Tower
17:32 Scout Tower
17:33 Scout Tower
17:33 Scout Tower
17:35 Scout Tower
17:37 Guard Tower
17:49 Guard Tower
18:19 Guard Tower
18:20 Guard Tower
18:42 Guard Tower
18:44 Scout Tower
18:45 Scout Tower
18:48 Scout Tower
18:50 Scout Tower
18:51 Scout Tower
18:53 Scout Tower
18:53 Scout Tower
18:54 Scout Tower
19:09 Guard Tower
19:25 Guard Tower
19:35 Guard Tower
19:40 Guard Tower
20:10 Scout Tower
20:11 Scout Tower
20:12 Scout Tower
21:29 Guard Tower
21:34 Guard Tower
21:35 Scout Tower
21:36 Scout Tower
21:47 Scout Tower
21:48 Scout Tower
21:48 Scout Tower
21:49 Scout Tower
21:49 Scout Tower
21:50 Guard Tower
21:56 Scout Tower
21:57 Scout Tower
22:16 Guard Tower
22:20 Scout Tower
22:21 Scout Tower
22:21 Scout Tower
22:22 Scout Tower
22:23 Scout Tower
22:23 Scout Tower
22:24 Scout Tower
23:04 Guard Tower
23:31 Guard Tower
23:40 Guard Tower
24:11 Scout Tower
24:12 Scout Tower
24:13 Scout Tower
24:13 Scout Tower
24:14 Scout Tower
24:20 Scout Tower
24:20 Scout Tower
24:46 Guard Tower
24:56 Guard Tower
24:57 Guard Tower
25:55 Guard Tower
26:42 Guard Tower
27:09 Scout Tower
27:11 Scout Tower
27:14 Scout Tower
27:15 Scout Tower
27:15 Scout Tower
27:19 Scout Tower
27:20 Scout Tower
27:25 Scout Tower
27:26 Scout Tower
27:27 Scout Tower
27:28 Scout Tower
27:29 Scout Tower
27:30 Scout Tower
27:30 Scout Tower
27:31 Scout Tower
27:32 Scout Tower
27:33 Guard Tower
27:52 Guard Tower
28:07 Guard Tower
28:43 Guard Tower
28:49 Guard Tower
28:54 Scout Tower
28:55 Scout Tower
28:56 Scout Tower
28:57 Scout Tower
29:02 Scout Tower
29:03 Scout Tower
29:04 Scout Tower
29:05 Scout Tower
29:06 Scout Tower
29:07 Scout Tower
29:08 Scout Tower
29:09 Scout Tower
29:38 Guard Tower
30:47 Guard Tower
30:57 Scout Tower
30:58 Scout Tower
30:59 Scout Tower
31:00 Scout Tower
31:01 Scout Tower
31:02 Scout Tower
31:02 Scout Tower
31:04 Scout Tower
31:05 Scout Tower
31:06 Scout Tower
31:07 Scout Tower
31:07 Scout Tower
31:08 Scout Tower
31:09 Scout Tower
31:11 Scout Tower
31:11 Scout Tower
31:12 Scout Tower
31:13 Scout Tower
31:14 Scout Tower
31:15 Scout Tower
31:15 Scout Tower
31:17 Scout Tower
31:17 Scout Tower
31:19 Scout Tower
31:20 Scout Tower
31:22 Scout Tower
31:24 Scout Tower
31:25 Scout Tower
31:26 Scout Tower
31:27 Scout Tower
31:29 Scout Tower
32:09 Guard Tower
32:12 Guard Tower
32:17 Guard Tower
33:34 Guard Tower
33:37 Guard Tower
34:04 Guard Tower
35:39 Town Hall
35:44 Scout Tower
35:45 Scout Tower
35:46 Scout Tower
35:47 Scout Tower
35:48 Scout Tower
35:49 Scout Tower
35:51 Scout Tower
35:53 Scout Tower
36:12 Guard Tower
36:14 Guard Tower
36:58 Arcane Tower
36:59 Guard Tower
37:09 Scout Tower
37:09 Scout Tower
37:12 Scout Tower
37:12 Scout Tower
37:13 Scout Tower
37:14 Scout Tower
37:41 Guard Tower
37:44 Guard Tower
38:13 Guard Tower
38:24 Scout Tower
38:24 Scout Tower
38:25 Scout Tower
38:26 Scout Tower
38:28 Scout Tower
38:29 Scout Tower
38:48 Scout Tower
38:49 Scout Tower
38:50 Scout Tower
38:53 Scout Tower
38:54 Scout Tower
38:58 Guard Tower
39:02 Guard Tower
39:03 Guard Tower
39:46 Guard Tower
39:48 Guard Tower
41:27 Guard Tower
46:00 Scout Tower
46:01 Scout Tower
46:03 Scout Tower
46:04 Scout Tower
46:05 Scout Tower
46:07 Scout Tower
46:08 Scout Tower
46:11 Scout Tower
46:13 Scout Tower
47:40 Guard Tower
47:57 Scout Tower
47:58 Scout Tower
47:59 Scout Tower
48:00 Scout Tower
48:01 Scout Tower
48:02 Scout Tower
48:03 Scout Tower
48:53 Guard Tower
49:01 Guard Tower
49:27 Guard Tower
49:30 Scout Tower
49:30 Scout Tower
49:46 Scout Tower
49:47 Scout Tower
49:48 Scout Tower
49:48 Scout Tower
49:49 Scout Tower
49:50 Scout Tower
50:04 Guard Tower
50:21 Guard Tower
50:24 Scout Tower
50:25 Scout Tower
50:27 Scout Tower
50:29 Guard Tower
50:44 Guard Tower
50:55 Guard Tower
50:56 Guard Tower
51:11 Guard Tower
51:42 Guard Tower
57:49 Scout Tower
57:50 Scout Tower
57:51 Scout Tower
57:52 Scout Tower
57:53 Scout Tower
57:53 Scout Tower
57:54 Scout Tower
57:55 Scout Tower
57:56 Scout Tower
» items
| Boots of Speed | 1 | |
| Staff of Teleportation | 1 | |
| Dust of Appearance | 1 | |
| Healing Salve | 1 | |
| Staff of Sanctuary | 1 | |
| Scroll of Regeneration | 3 | |
| Scroll of Town Portal | 3 | |
11 total
Chat log
(00:15 / All) nutsonyochin.de: teckenomnomnomvandlingstabellerLOL1
(00:21 / All) nutsurlechin.fr: blinnstorpsvagen
(00:25 / All) BrOZeN: oO
(00:57 / All) iggy_the_fisk: I want to meet single curvy girls
(01:04 / All) iggy_the_fisk: where can i find a website for single BBW women
(01:04 / All) iggy_the_fisk: please
(01:28 / All) iggy_the_fisk: i need to find cute curvy women living near me
(01:36 / All) nutsonyochin.de: may i suggest cDonalds
(01:41 / All) MeuhhhLaVache: curvy?
(01:46 / All) iggy_the_fisk: fat
(01:47 / All) n7_Diablo19: mai tg sfdp
(01:57 / All) nutsonyochin.de: big boob big butt voluptiuous thighs
(02:05 / All) BrOZeN: pk vs parlé ?
(02:08 / All) BrOZeN: sand déconé
(02:11 / All) BrOZeN: just play
(02:16 / All) BrOZeN: ........
(02:18 / All) nutsonyochin.de: just speak english fucking rwetard frog man
(02:21 / All) iggy_the_fisk: no
(02:25 / All) n7_Diablo19: sérieu
(02:28 / All) nutsonyochin.de: dairy air
(02:29 / All) iggy_the_fisk: first i need date with cute bbw girl
(02:35 / All) nutsurlechin.fr: Richard "Rubidium" Hall
(02:42 / All) MeuhhhLaVache: what is curvy?
(02:43 / All) nutsonyochin.de: physics
(02:45 / All) nutsonyochin.de: neuron
(02:49 / All) nutsonyochin.de: science
(02:51 / All) nutsonyochin.de: electricity
(02:53 / All) nutsonyochin.de: formula
(02:55 / All) nutsonyochin.de: chemistry
(02:56 / All) nutsonyochin.de: beaker
(03:10 / All) nutsonyochin.de: penis enlargement pills
(03:24 / All) iggy_the_fisk: Attractive bbw women living near ou
(03:25 / All) nutsonyochin.de: SUCK
(04:29 / All) ShaneRutherford: hey teal
(04:31 / All) ShaneRutherford: learn to surround
(04:34 / All) iggy_the_fisk: hot single curvy girls please
(04:40 / All) nutsurlechin.fr: my name is Shane Rutherford i am a noop
(04:42 / All) iggy_the_fisk: maybe a free trial do you have it
(04:48 / All) BrOZeN: XD
(04:56 / All) BrOZeN: why tp lvl 1 ???
(05:04 / All) nutsonyochin.de: XD tp staff retard france
(05:12 / All) nutsonyochin.de: u all AttardeD?
(05:29 / All) nutsonyochin.de: led zeppelin
(05:31 / All) nutsonyochin.de: classic rock
(05:34 / All) nutsonyochin.de: eric clapton
(05:36 / All) nutsonyochin.de: guitar
(05:38 / All) nutsonyochin.de: gibson
(05:41 / All) nutsonyochin.de: music
(06:01 / All) nutsonyochin.de: meet girls in stockholm
(06:07 / All) nutsonyochin.de: meet curvy girls in stockholm
(06:07 / All) iggy_the_fisk: fat girls
(06:08 / All) iggy_the_fisk: Please
(06:31 / All) iggy_the_fisk: meet hot men in linköping
(07:16 / All) BrOZeN: xD
(07:18 / All) nutsonyochin.de: xd
(07:49 / All) nutsonyochin.de: bras monkey
(07:52 / All) nutsonyochin.de: Dat funky monkey
(07:56 / All) nutsonyochin.de: beastie boys
(08:01 / All) nutsonyochin.de: rap
(08:05 / All) nutsonyochin.de: r&b
(08:07 / All) ShaneRutherford: Led Zeppelin The Who The Beatles
(08:09 / All) nutsonyochin.de: jennifer lopez
(08:11 / All) nutsonyochin.de: nude celebrities
(08:20 / All) ShaneRutherford: Nuendo Cubase Soundforge Audition Soundbooth Pro Tools
(08:21 / All) iggy_the_fisk: HOT SLUTTY FAT GIRLS
(08:39 / All) BrOZeN: the clash sod ratm iron maiden
(08:40 / All) nutsonyochin.de: gun
(08:41 / All) nutsonyochin.de: rifle
(08:43 / All) nutsonyochin.de: handgun
(08:45 / All) nutsonyochin.de: pistol
(08:46 / All) nutsonyochin.de: glock
(08:49 / All) nutsonyochin.de: bullet
(08:50 / All) nutsonyochin.de: shotgun
(08:52 / All) nutsonyochin.de: shell
(08:56 / All) nutsonyochin.de: semi automatic
(08:59 / All) nutsonyochin.de: columbine
(09:02 / All) ShaneRutherford: Columbine
(09:04 / All) ShaneRutherford: virginia Tech
(09:09 / All) nutsonyochin.de: police
(09:12 / All) nutsonyochin.de: k9 training
(09:17 / All) ShaneRutherford: Drug Bust
(11:13 / All) ShaneRutherford: Bye noob
(11:15 / All) ShaneRutherford: why tp level 1?
(11:16 / All) ShaneRutherford: XD
(11:18 / All) nutsonyochin.de: why tp level 1? ??
(11:20 / All) nutsonyochin.de: XD
(11:38 / All) nutsonyochin.de: suck yon duck
(20:59 / All) DOYOULIKEMYSTIL: u stop speacking ?
(21:06 / All) BrOZeN: XD
(21:09 / All) nutsonyochin.de: xd
(26:57 / All) ShaneRutherford: SNAG N BAG
(30:41 / All) ShaneRutherford: ZERO HAWK LOST
(30:43 / All) ShaneRutherford: SNAG N BAG!!!!!!!!!!
(40:47 / All) nutsonyochin.de: thx for not killing altar
(40:52 / All) nutsonyochin.de: only thing i worry about wHEW
(47:03 / All) ShaneRutherford: lol ahahahhah
(47:06 / All) DOYOULIKEMYSTIL: and go die
(47:08 / All) DOYOULIKEMYSTIL: noobi
(47:17 / All) ShaneRutherford: wheres your army??????????????????????????????????????
(52:09 / All) ShaneRutherford: as u realize, there is no hope, you shudder with fright and angrily press "off" on your map hack
(58:38 / All) DOYOULIKEMYSTIL: fucking noobs
(58:40 / All) ShaneRutherford: bye
(58:41 / All) iggy_the_fisk: How it feel
(58:48 / All) nutsonyochin.de: LMFAO!
(58:51 / All) MeuhhhLaVache: so noob
(58:51 / All) nutsurlechin.fr: how good it feels to be owned by u
(58:51 / All) nutsonyochin.de: guess wat this a smurf acct
(58:54 / All) nutsonyochin.de: dont matter if i lose LOL